 Dungeon Crawl Stone Soup version 0.31-a0-692-gf03d1854d5 (webtiles) character file.

Game seed: 6294292044313876466

157918 qw the Crack Shot (level 17, -8/115 HPs)
             Began as a Gargoyle Hunter on Sept 6, 2023.
             Was an Elder of Okawaru.
             Mangled by Donald
             ... wielding a +1 heavy broad axe
              (20 damage)
             ... on level 3 of the Shoals.
             The game lasted 00:17:33 (26784 turns).

qw the Crack Shot (Gargoyle Hunter)                Turns: 26784, Time: 00:17:34

Health: -8/115     AC: 35    Str: 15    XL:     17   Next: 70%
Magic:  24/24      EV: 32    Int: 12    God:    Okawaru [****..]
Gold:   250        SH:  5    Dex: 25    Spells: 16/16 levels left

rFire   . . .        Y - +1 hand cannon (drain)
rCold   + . .        (no shield)
rNeg    + . .        y - +2 ring mail {rC+}
rPois   inf          n - +2 helmet
rElec   +            a - +1 cloak of Starlight {*Dazzle EV+4 Stlth--}
rCorr   .            f - +2 pair of gloves
SInv    .            o - +0 pair of boots
Will    +....        j - amulet of reflection
Stlth   +            A - +6 ring of dexterity
HPRegen 0.39/turn    g - +5 ring of evasion
MPRegen 0.19/turn

%: reflection
@: heroic, flying
A: sickness immunity, AC +12, big wings, negative energy resistance 1,
electricity resistance, torment resistance 1, petrification resistance
a: Renounce Religion, Heroism, Finesse


You were on level 3 of the Shoals.
You worshipped Okawaru.
Okawaru was greatly pleased with you.
You visited 6 branches of the dungeon, and saw 29 of its levels.

You collected 2631 gold pieces.
You spent 2381 gold pieces at shops.


Innate Abilities, Weirdness & Mutations

You are immune to sickness and miasma.
Your stone body is resilient. (AC +12)
You are immune to poison.
Your large and strong wings let you fly.
You resist negative energy. (rN+)
You are resistant to electric shocks. (rElec)
You are resistant to unholy torment.
You are immune to petrification.


   Skills:
 + Level 16.0(21.0) Fighting
 - Level 22.0(27) Ranged Weapons
 - Level 11.0(16.0) Armour
 - Level 10.0(15.0) Dodging
 - Level 1.1(6.1) Stealth
 - Level 10.1 Invocations


You had 16 spell levels left.
You didn't know any spells.
Your spell library was empty.

Inventory:

Hand Weapons
 Y - a +1 hand cannon of draining (weapon)
Armour
 a - the +1 cloak of Starlight (worn) {*Dazzle EV+4 Stlth--}
   (You acquired it on level 1 of the Dungeon)

   *Dazzle:   It may blind those who miss an attack against the wearer in melee
   combat.
   EV+4:      It affects your evasion (+4).
   Stlth--:   It makes you much less stealthy.
 f - a +2 pair of gloves (worn)
 n - a +2 helmet (worn)
 o - a +0 pair of boots (worn)
 r - a +0 troll leather armour
 s - a +2 robe of fire resistance
 y - a +2 ring mail of cold resistance (worn)
Jewellery
 g - a +5 ring of evasion (right hand)
 j - an amulet of reflection (around neck)
 t - a ring of protection from fire
 A - a +6 ring of dexterity (left hand)
Wands
 c - a wand of digging (7)
Scrolls
 e - 10 scrolls of identify
Potions
 b - 3 potions of magic
 d - 14 potions of curing
 h - 6 potions of enlightenment
 i - 8 potions of might
 k - 5 potions of haste
 l - 2 potions of mutation
 p - 4 potions of cancellation
 q - a potion of resistance

Dungeon Overview and Level Annotations

Branches:
Dungeon (15/15)            Temple (1/1) D:5            Lair (5/5) D:11
 Shoals (3/4) Lair:3        Snake (3/4) Lair:2        Slime (0/5) Lair:4
    Orc (2/2) D:10            Elf (0/3) Orc:2        Vaults (0/5) D:14
 Depths (0/4) D:15

Altars:
Ashenzari
Cheibriados
Dithmenos
Elyvilon
Fedhas
Gozag
Hepliaklqana
Kikubaaqudgha
Makhleb
Nemelex Xobeh
Okawaru
Qazlal
Ru
Sif Muna
Trog
Uskayaw
Vehumet
Wu Jian
Xom
Yredelemnul
Zin
The Shining One
Jiyva

Shops:
D:2 (:*   D:6 :   D:7 *   D:8 !*[:!   Orc:2 *=![   Shoals:1 !   Shoals:2 (*
Snake:1 =   Snake:2 :

Portals:
Pandemonium: Orc:2
Trove: D:13 (give horn of Geryon)

Annotations:
Lair:3 2 transporters, qw's ghost, journeyman GrHs
Shoals:2 3 runed translucent doors, qw's ghost, adept GrHs
Shoals:3 Donald; Mara; Polyphemus
Orc:1 3 runed translucent doors, qw's ghost, adept MiHs; qw's ghost, journeyman MiHs


Message History

Donald seems to grow stronger.
You shoot a bolt.
Donald blocks the bolt with his +0 kite shield of reflection... and reflects it back!
The bolt closely misses you.
You shoot a bolt.
Donald blocks the bolt with his +0 kite shield of reflection... and reflects it back!
The bolt hits you.
Donald says, "Do you think you're a hero?
I hate that."
Donald completely misses you.
You shoot a bolt.
Donald blocks the bolt with his +0 kite shield of reflection... and reflects it back!
The bolt completely misses you.
Donald mumbles some strange words.
Donald seems to speed up.
You shoot a bolt.
Donald blocks the bolt with his +0 kite shield of reflection... and reflects it back!
The bolt completely misses you.
Donald says, "I wish these tides would just make up their mind.
In and out, in and out..."
Donald hits you with a +1 heavy broad axe.
You shoot a bolt. The bolt hits Donald.
Donald is moderately wounded.
Donald hits you with a +1 heavy broad axe!!
You shoot a bolt. The bolt hits Donald!!
You drain Donald.
Donald is almost dead.
Donald hits you with a +1 heavy broad axe!
You shoot a bolt.
Donald blocks the bolt with his +0 kite shield of reflection... and reflects it back!
The bolt completely misses you. Donald barely misses you.
You shoot a bolt.
The bolt hits Donald but does no damage.
You drain Donald.
Donald is almost dead.
Donald completely misses you.
You shoot a bolt.
Donald blocks the bolt with his +0 kite shield of reflection... and reflects it back!
The bolt hits you but does no damage.
Donald hits you with a +1 heavy broad axe!!
You die...
Donald says, "Well, maybe you weren't so bad after all."

~. ... ....
######...
..#####.¤.¤....
....¤)¤@¤¤.#
......¤@.¤.#
?...¤¤~¤¤###
#..~~¤~~.#
#.~~~~~~..
#.~~~~~~...
.~~~~~~~~~~.
~~~~~~~~~~~..
~~~~~~~~~....


You could see Donald (fast, strong, drained, reflecting).

Vanquished Creatures
  4 krakens
  A very ugly thing (D:15)
  4 merfolk impalers (Shoals:2)
  Josephine (Lair:3)
  Harold (D:9)
  5 hydras
  A rakshasa (D:15)
  A salamander tyrant (Snake:3)
  A catoblepas (Lair:2)
  2 death knights
  Erica (D:10)
  3 merfolk avatars
  An ogre mage (D:14)
  5 two-headed ogres
  2 anacondas
  4 merfolk aquamancers
  3 boulder beetles
  8 death yaks
  5 centaur warriors
  3 demonspawn (Orc:2)
  6 naga warriors
  3 naga sharpshooters
  8 orc high priests
  4 shock serpents
  A sun demon (Orc:2)
  7 skysharks
  A soul eater (Orc:2)
  2 skeletal warriors (D:14)
  A naga ritualist (Snake:1)
  7 sea snakes
  A glowing orange brain (D:15)
  4 mana vipers
  3 harpies (Shoals:2)
  Pikel (D:5)
  A lindwurm (Lair:5)
  17 ugly things
  2 deep elf pyromancers
  5 orc knights
  A harpy (shapeshifter) (D:15)
  9 salamanders
  10 manticores
  11 fauns (Shoals:1)
  5 cyclopes
  4 orc sorcerers (Orc:2)
  6 elephants
  A guardian serpent (Snake:2)
  22 black mambas
  4 merfolk sirens
  3 water nymphs
  3 centaur skeletons (D:14)
  2 gargoyles
  2 naga magi
  Maggie (D:8)
  A torpor snail (Lair:4)
  9 komodo dragons
  2 rime drakes
  23 cane toads
  4 yaktaurs (D:14)
  6 freezing wraiths
  A tengu conjurer (D:14)
  2 efreet (D:14)
  4 trolls
  14 merfolk
  3 meliai (D:14)
  7 wind drakes
  A wind drake (shapeshifter) (D:15)
  6 polar bears
  A polar bear (shapeshifter) (D:14)
  Grinder (D:4)
  2 hornets
  18 blink frogs
  2 wolf spider simulacra
  3 tyrant leeches (Lair:5)
  6 slime creatures
  12 dream sheep
  4 snapping turtles
  A shadow (D:13)
  3 centaur simulacra
  7 water elementals
  5 wraiths
  7 wyverns
  25 yaks
  7 basilisks
  2 steam dragons
  27 vampire mosquitoes
  A basilisk (shapeshifter) (D:14)
  Menkaure (D:5)
  2 wargs
  3 acid dragons
  23 nagas
  3 swamp worms (Lair:3)
  A meliai simulacrum (D:14)
  11 water moccasins
  8 ice beasts
  40 orc warriors
  A black bear (D:5)
  A boggart (D:14)
  15 centaurs
  7 ogres
  17 wolves
  2 lemures (D:5)
  4 phantoms
  4 kobold brigands
  A gnoll sergeant (D:8)
  17 bullfrogs
  5 scorpions
  7 wights
  3 howler monkeys
  7 electric eels
  7 hounds
  32 orc priests
  A jelly (D:7)
  2 iguanas
  Jessica (D:2)
  33 orc wizards
  A boggart skeleton (D:14)
  6 gnolls
  7 adders
  A shadow imp (D:7)
  4 white imps
  3 ufetubi (D:5)
  2 worms
  3 dart slugs
  111 orcs
  12 ball pythons
  6 endoplasms
  2 giant cockroaches
  8 goblins
  3 hobgoblins (D:4)
  2 jackals (D:3)
  4 quokkas
  6 bats
  5 frilled lizards
  16 kobolds
  6 rats
  2 tentacles
900 creatures vanquished.

Vanquished Creatures (others)
  A kobold brigand (D:8)
  A wight (D:8)
  2 orc wizards (D:8)
  62 tentacles
66 creatures vanquished.

Grand Total: 966 creatures vanquished

Notes
Turn   | Place    | Note
-------+----------+-------------------------------------------
     0 | D:1      | qw the Gargoyle Hunter began the quest for the Orb.
     0 | D:1      | Reached XP level 1. HP: 12/12 MP: 1/1
     0 | D:1      | 0 ||| qw: Version: 0.3-a-76-g4403597
     0 | D:1      | 0 ||| qw: Game counter: 117
     0 | D:1      | 0 ||| qw: Melee chars always use a shield: true
     0 | D:1      | 0 ||| qw: God list: Okawaru
     0 | D:1      | 0 ||| qw: Allow faded altars: false
     0 | D:1      | 0 ||| qw: Do Orc after clearing Dungeon:15 true
     0 | D:1      | 0 ||| qw: Do second Lair branch before Depths: true
     0 | D:1      | 0 ||| qw: Lair rune preference: random
     0 | D:1      | 0 ||| qw: Goals: Normal
     0 | D:1      | 0 ||| PLANNING D:1-11
    94 | D:1      | Reached XP level 2. HP: 17/17 MP: 2/2
   586 | D:1      | Reached XP level 3. HP: 20/21 MP: 3/3
   768 | D:1      | Reached skill level 5 in Ranged Weapons
   850 | D:1      | 850 ||| READING scroll labelled ICLOBR WIUDEXO.
   851 | D:1      | 851 ||| READING 2 scrolls labelled PAOMPO SOAKH.
   852 | D:1      | 852 ||| READING scroll labelled QEHA VENTUROT.
   852 | D:1      | Identified a scroll of acquirement
   852 | D:1      | 852 ||| ACQUIRING +1 cloak of Starlight {*Dazzle EV+4
                  | Stlth--}
   852 | D:1      | Acquired the +1 cloak of Starlight {*Dazzle EV+4 Stlth--}
   852 | D:1      | Found the +1 cloak of Starlight {*Dazzle EV+4 Stlth--}
   854 | D:1      | 854 ||| UPGRADING to +1 cloak of Starlight {*Dazzle EV+4
                  | Stlth--}.
   859 | D:1      | 859 ||| DROPPING scroll of butterflies.
   860 | D:1      | 860 ||| DROPPING scroll of noise.
   936 | D:2      | Found Kuto's General Store.
   968 | D:2      | Noticed Jessica
   970 | D:2      | Killed Jessica
   971 | D:2      | Reached skill level 3 in Fighting
  1007 | D:2      | Reached XP level 4. HP: 27/28 MP: 4/4
  1028 | D:2      | Found Laleur's Antique Weapon Shoppe.
  1178 | D:2      | Found Tacrail's Book Emporium.
  1233 | D:2      | Found a stormy altar of Qazlal.
  1588 | D:2      | 1588 ||| BUYING 3 scrolls of identify (72 gold).
  1588 | D:2      | Bought 3 scrolls of identify for 72 gold pieces
  1588 | D:2      | 1588 ||| SHOPLISTING scroll of enchant weapon (90 gold,
                  | have 69).
  1588 | D:2      | 1588 ||| BUYING scroll of identify (24 gold).
  1588 | D:2      | Bought a scroll of identify for 24 gold pieces
  1588 | D:2      | 1588 ||| READING scroll labelled TICHESSUORGH.
  1589 | D:2      | 1589 ||| READING scroll labelled CIUPPUFFIPAD.
  1590 | D:2      | 1590 ||| READING scroll labelled YWNOXO NEOR.
  1591 | D:2      | 1591 ||| READING scroll labelled ZIAKHLA DYCKOVO.
  1595 | D:2      | 1595 ||| DRINKING 2 silvery potions.
  1596 | D:2      | 1596 ||| READING 5 scrolls of identify.
  1596 | D:2      | 1596 ||| IDENTIFYING fizzy brown potion
  1597 | D:2      | 1597 ||| READING 4 scrolls of identify.
  1597 | D:2      | 1597 ||| IDENTIFYING viscous puce potion
  1598 | D:2      | 1598 ||| DROPPING potion of brilliance.
  1746 | D:3      | Found a faded altar of an unknown god.
  1757 | D:3      | Reached XP level 5. HP: 32/32 MP: 5/5
  1789 | D:3      | Found a burning altar of Makhleb.
  1797 | D:3      | Identified the +1 robe of Death's Door {Harm *Corrode Int-2
                  | Stlth+}
  2185 | D:3      | Found a hide-covered altar of Uskayaw.
  2190 | D:3      | Reached skill level 6 in Ranged Weapons
  2281 | D:3      | 2281 ||| UPGRADING to +2 pair of gloves.
  2286 | D:3      | 2286 ||| DROPPING +1 robe of Death's Door {Harm *Corrode
                  | Int-2 Stlth+}.
  2287 | D:3      | 2287 ||| UPGRADING to amulet of guardian spirit.
  2292 | D:3      | 2292 ||| READING 3 scrolls of identify.
  2292 | D:3      | 2292 ||| IDENTIFYING dark potion
  2293 | D:3      | 2293 ||| READING 2 scrolls of identify.
  2293 | D:3      | 2293 ||| IDENTIFYING golden potion
  2294 | D:3      | 2294 ||| DROPPING potion of magic.
  2390 | D:4      | 2390 ||| STAIRDANCE
  2394 | D:3      | 2394 ||| UPGRADING to +0 ring mail.
  2404 | D:3      | 2404 ||| DROPPING +0 leather armour.
  2405 | D:3      | 2405 ||| READING scroll labelled ZUADAEXTIF.
  2406 | D:3      | 2406 ||| READING scroll labelled ZAEVYSU ACAZO.
  2415 | D:4      | Reached skill level 1 in Armour
  2613 | D:4      | Found a bloodstained altar of Trog.
  2688 | D:4      | Noticed a phantom
  2706 | D:4      | Killed a phantom
  2707 | D:4      | Reached XP level 6. HP: 38/39 MP: 6/6
  2711 | D:4      | Found a broken altar of Ashenzari.
  2717 | D:4      | 2717 ||| RETREATING.
  2718 | D:4      | 2718 ||| Stepping ~*~*~tactically~*~*~ (retreating).
  2720 | D:4      | 2720 ||| Stepping ~*~*~tactically~*~*~ (retreating).
  2721 | D:4      | 2721 ||| Stepping ~*~*~tactically~*~*~ (retreating).
  2968 | D:4      | Noticed Grinder
  2969 | D:4      | Paralysed by Grinder for 4 turns
  2983 | D:4      | Paralysed by Grinder for 4 turns
  2999 | D:4      | Paralysed by Grinder for 3 turns
  3006 | D:4      | Paralysed by Grinder for 2 turns
  3010 | D:4      | Killed Grinder
  3011 | D:4      | Reached skill level 7 in Ranged Weapons
  3011 | D:4      | Reached XP level 7. HP: 32/44 MP: 5/7
  3147 | D:4      | Found a basalt altar of Yredelemnul.
  3236 | D:4      | 3236 ||| UPGRADING to amulet of reflection.
  3246 | D:4      | 3246 ||| DROPPING amulet of guardian spirit.
  3247 | D:4      | 3247 ||| READING scroll labelled INISAM CIAH.
  3248 | D:4      | 3248 ||| READING 2 scrolls of identify.
  3248 | D:4      | 3248 ||| IDENTIFYING fuming orange potion
  3249 | D:4      | 3249 ||| DROPPING potion of invisibility.
  3281 | D:5      | Entered Level 5 of the Dungeon
  3314 | D:5      | 3314 ||| FLEEEEING.
  3315 | D:5      | 3315 ||| FLEEEEING.
  3316 | D:5      | 3316 ||| STAIRDANCE
  3346 | D:5      | Reached skill level 3 in Armour
  3346 | D:5      | 3346 ||| STAIRDANCE
  3400 | D:5      | Reached skill level 8 in Ranged Weapons
  3405 | D:5      | Noticed Menkaure
  3416 | D:5      | Killed Menkaure
  3417 | D:5      | Reached XP level 8. HP: 45/50 MP: 8/8
  3516 | D:5      | Noticed Pikel
  3536 | D:5      | Killed Pikel
  3537 | D:5      | Reached skill level 9 in Ranged Weapons
  3572 | D:5      | Identified the +6 spear of Causality {elec, rElec rF+
                  | Int+5}
  3596 | D:5      | Reached skill level 6 in Fighting
  3624 | D:5      | Found a staircase to the Ecumenical Temple.
  3625 | D:5      | 3625 ||| PLANNING TEMPLE
  3625 | D:5      | 3625 ||| UPGRADING to +2 robe of positive energy.
  3635 | D:5      | 3635 ||| DROPPING +0 ring mail.
  3636 | D:5      | 3636 ||| READING scroll labelled VAGGEMN KANEANT.
  3740 | Temple   | Entered the Ecumenical Temple
  3741 | Temple   | 3741 ||| PLANNING OKAWARU WORSHIP
  3749 | Temple   | Became a worshipper of Warmaster Okawaru
  3750 | Temple   | 3750 ||| PLANNING D:1-11
  3829 | D:5      | Found a snail-covered altar of Cheibriados.
  3897 | D:5      | Found a shadowy altar of Dithmenos.
  3939 | D:5      | 3939 ||| FLEEEEING.
  3940 | D:5      | 3940 ||| FLEEEEING.
  3941 | D:5      | 3941 ||| FLEEEEING.
  3942 | D:5      | 3942 ||| FLEEEEING.
  3947 | D:5      | 3947 ||| STAIRDANCE
  3967 | D:4      | 3967 ||| READING 2 scrolls of identify.
  3967 | D:4      | 3967 ||| IDENTIFYING black potion
  3968 | D:4      | 3968 ||| DROPPING potion of attraction.
  3974 | D:5      | 3974 ||| STAIRDANCE
  4014 | D:5      | 4014 ||| STAIRDANCE
  4016 | D:5      | 4016 ||| STAIRDANCE
  4018 | D:5      | 4018 ||| STAIRDANCE
  4026 | D:5      | Reached XP level 9. HP: 53/55 MP: 9/9
  4034 | D:5      | 4034 ||| Stepping ~*~*~tactically~*~*~ (outnumbered).
  4041 | D:5      | Reached skill level 10 in Ranged Weapons
  4292 | D:5      | Found a glowing silver altar of Zin.
  4390 | D:6      | Found a radiant altar of Vehumet.
  4410 | D:6      | Reached skill level 3 in Dodging
  4411 | D:6      | 4411 ||| Stepping ~*~*~tactically~*~*~ (cloud).
  4439 | D:6      | 4439 ||| FLEEEEING.
  4440 | D:6      | 4440 ||| FLEEEEING.
  4441 | D:6      | 4441 ||| FLEEEEING.
  4442 | D:6      | 4442 ||| FLEEEEING.
  4443 | D:6      | 4443 ||| FLEEEEING.
  4444 | D:6      | 4444 ||| FLEEEEING.
  4446 | D:6      | 4446 ||| FLEEEEING.
  4448 | D:6      | 4448 ||| FLEEEEING.
  4449 | D:6      | 4449 ||| FLEEEEING.
  4450 | D:6      | 4450 ||| FLEEEEING.
  4451 | D:6      | 4451 ||| FLEEEEING.
  4452 | D:6      | 4452 ||| FLEEEEING.
  4453 | D:6      | 4453 ||| FLEEEEING.
  4454 | D:6      | 4454 ||| FLEEEEING.
  4455 | D:6      | 4455 ||| FLEEEEING.
  4456 | D:6      | 4456 ||| FLEEEEING.
  4457 | D:6      | 4457 ||| FLEEEEING.
  4458 | D:6      | 4458 ||| FLEEEEING.
  4459 | D:6      | 4459 ||| FLEEEEING.
  4460 | D:6      | 4460 ||| FLEEEEING.
  4461 | D:6      | 4461 ||| FLEEEEING.
  4462 | D:6      | 4462 ||| FLEEEEING.
  4463 | D:6      | 4463 ||| FLEEEEING.
  4464 | D:6      | 4464 ||| FLEEEEING.
  4465 | D:6      | 4465 ||| FLEEEEING.
  4466 | D:6      | 4466 ||| FLEEEEING.
  4467 | D:6      | 4467 ||| STAIRDANCE
  4556 | D:6      | 4556 ||| STAIRDANCE
  4738 | D:6      | Found Gifi Xue's Book Boutique.
  4748 | D:6      | 4748 ||| Stepping ~*~*~tactically~*~*~ (retreating).
  4751 | D:6      | 4751 ||| Stepping ~*~*~tactically~*~*~ (retreating).
  4752 | D:6      | 4752 ||| Stepping ~*~*~tactically~*~*~ (retreating).
  4847 | D:6      | Reached * piety under Okawaru
  4961 | D:6      | 4961 ||| INVOKING Heroism.
  5024 | D:6      | Reached skill level 11 in Ranged Weapons
  5048 | D:6      | Found a stormy altar of Qazlal.
  5246 | D:6      | 5246 ||| UPGRADING to +0 leather armour of cold resistance.
  5256 | D:6      | 5256 ||| DROPPING +2 cloak.
  5257 | D:6      | 5257 ||| DROPPING amulet of regeneration.
  5258 | D:6      | 5258 ||| UPGRADING to ring of resist corrosion.
  5259 | D:6      | 5259 ||| READING 2 scrolls of identify.
  5259 | D:6      | 5259 ||| IDENTIFYING smoky golden potion
  5260 | D:6      | 5260 ||| DROPPING potion of berserk rage.
  5299 | D:7      | Reached skill level 1 in Invocations
  5305 | D:7      | 5305 ||| INVOKING Heroism.
  5410 | D:7      | Reached skill level 3 in Invocations
  5440 | D:7      | Found an ancient bone altar of Kikubaaqudgha.
  5463 | D:7      | 5463 ||| INVOKING Heroism.
  5786 | D:7      | 5786 ||| INVOKING Heroism.
  5807 | D:7      | Reached XP level 10. HP: 41/64 MP: 10/12
  5965 | D:7      | Found Ridoseock's CLEARANCE SALE!.
  6099 | D:7      | 6099 ||| SWAPPING to +0 orcbow.
  6100 | D:7      | 6100 ||| DROPPING +0 shortbow.
  6101 | D:7      | 6101 ||| READING scroll labelled CET OTODOKEGG.
  6139 | D:8      | 6139 ||| STAIRDANCE
  6141 | D:7      | 6141 ||| Stepping ~*~*~tactically~*~*~ (retreating).
  6142 | D:7      | 6142 ||| Stepping ~*~*~tactically~*~*~ (retreating).
  6146 | D:7      | 6146 ||| Stepping ~*~*~tactically~*~*~ (retreating).
  6147 | D:7      | 6147 ||| Stepping ~*~*~tactically~*~*~ (retreating).
  6148 | D:7      | 6148 ||| Stepping ~*~*~tactically~*~*~ (retreating).
  6149 | D:7      | 6149 ||| Stepping ~*~*~tactically~*~*~ (retreating).
  6150 | D:7      | 6150 ||| Stepping ~*~*~tactically~*~*~ (retreating).
  6153 | D:7      | 6153 ||| Stepping ~*~*~tactically~*~*~ (retreating).
  6156 | D:7      | 6156 ||| Stepping ~*~*~tactically~*~*~ (retreating).
  6165 | D:7      | 6165 ||| INVOKING Heroism.
  6167 | D:7      | Reached ** piety under Okawaru
  6283 | D:8      | 6283 ||| STAIRDANCE
  6302 | D:7      | Reached skill level 12 in Ranged Weapons
  6387 | D:8      | 6387 ||| RETREATING.
  6446 | D:8      | Found Hitwy's Book Shoppe.
  6475 | D:8      | Found Acioco's Armour Shop.
  6491 | D:8      | 6491 ||| INVOKING Heroism.
  6507 | D:8      | 6507 ||| Stepping ~*~*~tactically~*~*~ (retreating).
  6546 | D:8      | 6546 ||| INVOKING Heroism.
  6651 | D:8      | Found Lunyxom's Distillery.
  6654 | D:8      | Noticed Maggie
  6673 | D:8      | 6673 ||| INVOKING Heroism.
  6678 | D:8      | Killed Maggie
  6794 | D:8      | 6794 ||| BUYING +0 helmet (67 gold).
  6794 | D:8      | Bought a +0 helmet for 67 gold pieces
  6794 | D:8      | 6794 ||| BUYING +0 pair of boots (67 gold).
  6794 | D:8      | Bought a +0 pair of boots for 67 gold pieces
  6794 | D:8      | 6794 ||| BUYING +2 robe of willpower (265 gold).
  6794 | D:8      | Bought a +2 robe of willpower for 265 gold pieces
  6804 | D:8      | 6804 ||| BUYING potion of curing (45 gold).
  6804 | D:8      | Bought a potion of curing for 45 gold pieces
  6804 | D:8      | 6804 ||| BUYING potion of curing (45 gold).
  6804 | D:8      | Bought a potion of curing for 45 gold pieces
  6804 | D:8      | 6804 ||| SHOPLISTING potion of curing (45 gold, have 27).
  6804 | D:8      | 6804 ||| SHOPLISTING potion of heal wounds (75 gold, have
                  | 27).
  6804 | D:8      | 6804 ||| SHOPLISTING potion of might (60 gold, have 27).
  6807 | D:8      | 6807 ||| RETREATING.
  6808 | D:8      | Found an iron altar of Okawaru.
  6808 | D:8      | Noticed a two-headed ogre
  6809 | D:8      | 6809 ||| INVOKING Heroism.
  6812 | D:8      | 6812 ||| Stepping ~*~*~tactically~*~*~ (outnumbered).
  6813 | D:8      | 6813 ||| Stepping ~*~*~tactically~*~*~ (retreating).
  6814 | D:8      | 6814 ||| Stepping ~*~*~tactically~*~*~ (retreating).
  6815 | D:8      | 6815 ||| Stepping ~*~*~tactically~*~*~ (retreating).
  6816 | D:8      | 6816 ||| Stepping ~*~*~tactically~*~*~ (retreating).
  6817 | D:8      | 6817 ||| Stepping ~*~*~tactically~*~*~ (retreating).
  6818 | D:8      | 6818 ||| Stepping ~*~*~tactically~*~*~ (retreating).
  6838 | D:8      | Killed a two-headed ogre
  6840 | D:8      | HP: 14/64 [steam dragon/ball of steam (9)]
  6841 | D:8      | 6841 ||| DRINKING 2 potions of heal wounds.
  6842 | D:8      | 6842 ||| INVOKING Heroism.
  6856 | D:8      | HP: 16/64 [steam dragon] (4)]
  6857 | D:8      | 6857 ||| DRINKING potion of heal wounds.
  6859 | D:8      | Reached skill level 13 in Ranged Weapons
  6863 | D:8      | 6863 ||| Stepping randomly (disturbance).
  6864 | D:8      | 6864 ||| DRINKING 4 potions of curing.
  6864 | D:8      | 6864 ||| (to cure confusion)
  7047 | D:8      | 7047 ||| FLEEEEING.
  7050 | D:8      | 7050 ||| FLEEEEING.
  7052 | D:8      | 7052 ||| FLEEEEING.
  7053 | D:8      | 7053 ||| FLEEEEING.
  7054 | D:8      | 7054 ||| FLEEEEING.
  7055 | D:8      | 7055 ||| FLEEEEING.
  7056 | D:8      | 7056 ||| FLEEEEING.
  7057 | D:8      | 7057 ||| FLEEEEING.
  7058 | D:8      | 7058 ||| STAIRDANCE
  7083 | D:7      | 7083 ||| DROPPING +2 robe of positive energy.
  7084 | D:7      | 7084 ||| UPGRADING to +0 helmet.
  7089 | D:7      | 7089 ||| UPGRADING to +0 pair of boots.
  7094 | D:7      | 7094 ||| UPGRADING to +2 robe of willpower.
  7104 | D:7      | 7104 ||| DROPPING +0 leather armour of cold resistance.
  7105 | D:7      | 7105 ||| READING 2 scrolls of identify.
  7105 | D:7      | 7105 ||| IDENTIFYING viscous inky potion
  7139 | D:8      | Found Qibi's Assorted Antiques.
  7142 | D:8      | 7142 ||| SHOPLISTING long bronze wand (120 gold, have 36).
  7142 | D:8      | 7142 ||| SHOPLISTING scroll of identify (60 gold, have 36).
  7166 | D:8      | Found Val Xui's Distillery.
  7171 | D:8      | 7171 ||| SHOPLISTING potion of cancellation (120 gold, have
                  | 36).
  7171 | D:8      | 7171 ||| SHOPLISTING potion of heal wounds (75 gold, have
                  | 36).
  7171 | D:8      | 7171 ||| SHOPLISTING potion of magic (120 gold, have 36).
  7390 | D:9      | Reached *** piety under Okawaru
  7391 | D:9      | Reached skill level 9 in Fighting
  7391 | D:9      | Reached XP level 11. HP: 55/71 MP: 14/14
  7543 | D:9      | 7543 ||| INVOKING Heroism.
  7808 | D:9      | Noticed Harold
  7809 | D:9      | 7809 ||| Stepping ~*~*~tactically~*~*~ (retreating).
  7814 | D:9      | 7814 ||| INVOKING Heroism.
  7841 | D:9      | 7841 ||| INVOKING Heroism.
  7844 | D:9      | Killed Harold
  8221 | D:9      | 8221 ||| DROPPING +0 acid dragon scales.
  8222 | D:9      | 8222 ||| DROPPING +0 steam dragon scales.
  8223 | D:9      | 8223 ||| UPGRADING to +0 troll leather armour.
  8233 | D:9      | 8233 ||| DROPPING +2 robe of willpower.
  8234 | D:9      | 8234 ||| READING scroll labelled DOUPRO GIWIS.
  8247 | D:9      | 8247 ||| READING 2 scrolls of identify.
  8247 | D:9      | 8247 ||| IDENTIFYING cyan potion
  8262 | D:10     | Entered Level 10 of the Dungeon
  8263 | D:10     | Noticed a two-headed ogre
  8264 | D:10     | 8264 ||| INVOKING Heroism.
  8276 | D:10     | Killed a two-headed ogre
  8288 | D:10     | Found a hazy altar of Hepliaklqana.
  8379 | D:10     | Reached skill level 14 in Ranged Weapons
  8397 | D:10     | 8397 ||| INVOKING Heroism.
  8447 | D:10     | 8447 ||| INVOKING Heroism.
  8460 | D:10     | 8460 ||| FLEEEEING.
  8473 | D:10     | 8473 ||| DRINKING 3 potions of curing.
  8473 | D:10     | 8473 ||| (to cure confusion)
  8475 | D:10     | 8475 ||| Stepping ~*~*~tactically~*~*~ (cloud).
  8506 | D:10     | 8506 ||| INVOKING Heroism.
  8538 | D:10     | 8538 ||| SWAPPING to +0 arbalest.
  8539 | D:10     | 8539 ||| DROPPING +0 orcbow.
  8542 | D:10     | Noticed a two-headed ogre
  8543 | D:10     | 8543 ||| INVOKING Heroism.
  8546 | D:10     | Killed a two-headed ogre
  8608 | D:10     | 8608 ||| RETREATING.
  8610 | D:10     | 8610 ||| INVOKING Heroism.
  8618 | D:10     | Reached **** piety under Okawaru
  8667 | D:10     | Noticed Erica
  8668 | D:10     | 8668 ||| INVOKING Heroism.
  8673 | D:10     | Killed Erica
  8897 | D:10     | 8897 ||| INVOKING Heroism.
  8901 | D:10     | 8901 ||| Stepping ~*~*~tactically~*~*~ (retreating).
  8908 | D:10     | 8908 ||| INVOKING Heroism.
  8909 | D:10     | Noticed an orc knight
  8910 | D:10     | 8910 ||| Stepping ~*~*~tactically~*~*~ (retreating).
  8911 | D:10     | 8911 ||| Stepping ~*~*~tactically~*~*~ (retreating).
  8928 | D:10     | Killed an orc knight
  8965 | D:10     | Found a staircase to the Orcish Mines.
  8966 | D:10     | 8966 ||| FLEEEEING.
  8987 | D:10     | 8987 ||| READING scroll labelled TAN VIQIMMA.
  8988 | D:10     | 8988 ||| READING 2 scrolls of identify.
  8988 | D:10     | 8988 ||| IDENTIFYING metallic inky potion
  9027 | D:11     | Noticed a boulder beetle
  9028 | D:11     | 9028 ||| INVOKING Heroism.
  9033 | D:11     | 9033 ||| STAIRDANCE
  9044 | D:11     | 9044 ||| STAIRDANCE
  9056 | D:10     | 9056 ||| INVOKING Heroism.
  9057 | D:10     | Killed a boulder beetle
  9058 | D:10     | Reached skill level 6 in Invocations
  9058 | D:10     | Reached XP level 12. HP: 68/77 MP: 13/16
  9083 | D:11     | 9083 ||| STAIRDANCE
  9095 | D:11     | 9095 ||| STAIRDANCE
  9119 | D:11     | 9119 ||| STAIRDANCE
  9131 | D:11     | 9131 ||| STAIRDANCE
  9174 | D:11     | 9174 ||| RETREATING.
  9174 | D:11     | Found a staircase to the Lair.
  9183 | D:11     | 9183 ||| Stepping ~*~*~tactically~*~*~ (retreating).
  9187 | D:11     | 9187 ||| Stepping ~*~*~tactically~*~*~ (retreating).
  9188 | D:11     | 9188 ||| Stepping ~*~*~tactically~*~*~ (retreating).
  9189 | D:11     | 9189 ||| Stepping ~*~*~tactically~*~*~ (retreating).
  9190 | D:11     | 9190 ||| RETREATING.
  9199 | D:11     | Reached skill level 15 in Ranged Weapons
  9234 | D:11     | 9234 ||| Stepping ~*~*~tactically~*~*~ (outnumbered).
  9274 | D:11     | Found a stormy altar of Qazlal.
  9297 | D:11     | Noticed a two-headed ogre
  9306 | D:11     | Killed a two-headed ogre
  9306 | D:11     | Received a gift from Okawaru
  9375 | D:11     | 9375 ||| INVOKING Heroism.
  9598 | D:11     | 9598 ||| PLANNING LAIR
  9598 | D:11     | 9598 ||| DRINKING 2 murky brown potions.
  9599 | D:11     | 9599 ||| DRINKING 2 potions of curing.
  9599 | D:11     | 9599 ||| (to cure confusion)
  9600 | D:11     | 9600 ||| DROPPING potion of ambrosia.
  9612 | Lair:1   | Entered Level 1 of the Lair of Beasts
  9764 | Lair:1   | Noticed a death yak
  9764 | Lair:1   | Noticed a death yak
  9764 | Lair:1   | Noticed a death yak
  9765 | Lair:1   | 9765 ||| RETREATING.
  9767 | Lair:1   | 9767 ||| Stepping ~*~*~tactically~*~*~ (retreating).
  9768 | Lair:1   | 9768 ||| INVOKING Heroism.
  9779 | Lair:1   | Killed a death yak
  9790 | Lair:1   | Killed a death yak
  9797 | Lair:1   | Killed a death yak
  9886 | Lair:1   | 9886 ||| INVOKING Heroism.
  9970 | Lair:1   | Reached ***** piety under Okawaru
 10020 | Lair:1   | 10020 ||| INVOKING Heroism.
 10036 | Lair:1   | Reached skill level 9 in Invocations
 10213 | Lair:1   | 10213 ||| INVOKING Heroism.
 10397 | Lair:2   | Noticed a boulder beetle
 10398 | Lair:2   | 10398 ||| INVOKING Heroism.
 10405 | Lair:2   | Killed a boulder beetle
 10514 | Lair:2   | Found a staircase to the Snake Pit.
 10566 | Lair:2   | 10566 ||| Stepping ~*~*~tactically~*~*~ (retreating).
 10567 | Lair:2   | 10567 ||| Stepping ~*~*~tactically~*~*~ (retreating).
 10568 | Lair:2   | 10568 ||| Stepping ~*~*~tactically~*~*~ (retreating).
 10569 | Lair:2   | 10569 ||| Stepping ~*~*~tactically~*~*~ (retreating).
 10570 | Lair:2   | 10570 ||| Stepping ~*~*~tactically~*~*~ (retreating).
 10571 | Lair:2   | 10571 ||| Stepping ~*~*~tactically~*~*~ (retreating).
 10572 | Lair:2   | 10572 ||| Stepping ~*~*~tactically~*~*~ (retreating).
 10573 | Lair:2   | 10573 ||| Stepping ~*~*~tactically~*~*~ (retreating).
 10574 | Lair:2   | 10574 ||| Stepping ~*~*~tactically~*~*~ (retreating).
 10575 | Lair:2   | 10575 ||| Stepping ~*~*~tactically~*~*~ (retreating).
 10708 | Lair:2   | Noticed a catoblepas
 10709 | Lair:2   | 10709 ||| INVOKING Heroism.
 10717 | Lair:2   | Killed a catoblepas
 10718 | Lair:2   | Reached XP level 13. HP: 81/82 MP: 18/20
 10862 | Lair:2   | Found a shimmering altar of Xom.
 10934 | Lair:2   | 10934 ||| RETREATING.
 10938 | Lair:2   | 10938 ||| RETREATING.
 10952 | Lair:2   | Reached skill level 16 in Ranged Weapons
 11385 | Lair:3   | 11385 ||| INVOKING Heroism.
 11502 | Lair:3   | 11502 ||| INVOKING Heroism.
 11614 | Lair:3   | Found a transporter.
 11616 | Lair:3   | Noticed qw's ghost (journeyman GrHs)
 11628 | Lair:3   | Noticed Josephine
 11629 | Lair:3   | 11629 ||| RETREATING.
 11648 | Lair:3   | Killed Josephine
 11665 | Lair:3   | Found a transporter.
 11751 | Lair:3   | 11751 ||| RETREATING.
 11752 | Lair:3   | 11752 ||| INVOKING Heroism.
 11753 | Lair:3   | 11753 ||| INVOKING Finesse.
 11802 | Lair:3   | 11802 ||| INVOKING Heroism.
 11846 | Lair:3   | 11846 ||| INVOKING Heroism.
 11862 | Lair:3   | 11862 ||| INVOKING Heroism.
 12074 | Lair:3   | 12074 ||| RETREATING.
 12076 | Lair:3   | 12076 ||| INVOKING Heroism.
 12083 | Lair:3   | Reached skill level 17 in Ranged Weapons
 12139 | Lair:3   | Found a staircase to the Shoals.
 12246 | Lair:3   | 12246 ||| INVOKING Heroism.
 12298 | Lair:3   | 12298 ||| INVOKING Heroism.
 12310 | Lair:3   | 12310 ||| INVOKING Heroism.
 12458 | Lair:4   | 12458 ||| INVOKING Heroism.
 12476 | Lair:4   | Reached skill level 6 in Dodging
 12502 | Lair:4   | 12502 ||| Stepping ~*~*~tactically~*~*~ (retreating).
 12503 | Lair:4   | 12503 ||| Stepping ~*~*~tactically~*~*~ (retreating).
 12504 | Lair:4   | 12504 ||| Stepping ~*~*~tactically~*~*~ (retreating).
 12507 | Lair:4   | 12507 ||| Stepping ~*~*~tactically~*~*~ (retreating).
 12508 | Lair:4   | 12508 ||| Stepping ~*~*~tactically~*~*~ (retreating).
 12511 | Lair:4   | 12511 ||| INVOKING Heroism.
 12512 | Lair:4   | 12512 ||| Stepping ~*~*~tactically~*~*~ (retreating).
 12513 | Lair:4   | 12513 ||| Stepping ~*~*~tactically~*~*~ (retreating).
 12603 | Lair:4   | 12603 ||| INVOKING Heroism.
 12678 | Lair:4   | 12678 ||| RETREATING.
 12679 | Lair:4   | 12679 ||| Stepping ~*~*~tactically~*~*~ (retreating).
 12680 | Lair:4   | 12680 ||| Stepping ~*~*~tactically~*~*~ (retreating).
 12681 | Lair:4   | 12681 ||| Stepping ~*~*~tactically~*~*~ (retreating).
 12682 | Lair:4   | 12682 ||| Stepping ~*~*~tactically~*~*~ (retreating).
 12683 | Lair:4   | 12683 ||| Stepping ~*~*~tactically~*~*~ (retreating).
 12684 | Lair:4   | 12684 ||| Stepping ~*~*~tactically~*~*~ (retreating).
 12685 | Lair:4   | 12685 ||| INVOKING Heroism.
 12686 | Lair:4   | 12686 ||| Stepping ~*~*~tactically~*~*~ (retreating).
 12689 | Lair:4   | 12689 ||| Stepping ~*~*~tactically~*~*~ (retreating).
 12690 | Lair:4   | 12690 ||| Stepping ~*~*~tactically~*~*~ (retreating).
 12691 | Lair:4   | 12691 ||| Stepping ~*~*~tactically~*~*~ (retreating).
 12692 | Lair:4   | 12692 ||| Stepping ~*~*~tactically~*~*~ (retreating).
 12697 | Lair:4   | 12697 ||| INVOKING Heroism.
 12785 | Lair:4   | Found a viscous altar of Jiyva.
 12785 | Lair:4   | Found a staircase to the Slime Pits.
 12806 | Lair:4   | 12806 ||| INVOKING Heroism.
 13324 | Lair:5   | Entered Level 5 of the Lair of Beasts
 13355 | Lair:5   | 13355 ||| INVOKING Heroism.
 13412 | Lair:5   | 13412 ||| RETREATING.
 13413 | Lair:5   | 13413 ||| INVOKING Heroism.
 13417 | Lair:5   | Gained mutation: Your large and strong wings let you fly.
                  | [Gargoyle growth]
 13417 | Lair:5   | Reached XP level 14. HP: 90/90 MP: 18/21
 13419 | Lair:5   | Reached skill level 18 in Ranged Weapons
 13451 | Lair:5   | 13451 ||| Stepping ~*~*~tactically~*~*~ (retreating).
 13452 | Lair:5   | 13452 ||| Stepping ~*~*~tactically~*~*~ (retreating).
 13453 | Lair:5   | 13453 ||| Stepping ~*~*~tactically~*~*~ (retreating).
 13460 | Lair:5   | 13460 ||| Stepping ~*~*~tactically~*~*~ (retreating).
 13461 | Lair:5   | 13461 ||| Stepping ~*~*~tactically~*~*~ (retreating).
 13468 | Lair:5   | 13468 ||| INVOKING Heroism.
 13469 | Lair:5   | 13469 ||| Stepping ~*~*~tactically~*~*~ (retreating).
 13470 | Lair:5   | 13470 ||| Stepping ~*~*~tactically~*~*~ (retreating).
 13471 | Lair:5   | 13471 ||| RETREATING.
 13475 | Lair:5   | 13475 ||| Stepping ~*~*~tactically~*~*~ (retreating).
 13569 | Lair:5   | 13569 ||| READING scroll of enchant armour.
 13569 | Lair:5   | 13569 ||| ENCHANTING +0 helmet.
 13627 | Lair:5   | Reached skill level 12 in Fighting
 13633 | Lair:5   | 13633 ||| Stepping ~*~*~tactically~*~*~ (retreating).
 13634 | Lair:5   | 13634 ||| Stepping ~*~*~tactically~*~*~ (retreating).
 13635 | Lair:5   | 13635 ||| Stepping ~*~*~tactically~*~*~ (retreating).
 13636 | Lair:5   | 13636 ||| Stepping ~*~*~tactically~*~*~ (retreating).
 13637 | Lair:5   | 13637 ||| Stepping ~*~*~tactically~*~*~ (retreating).
 13645 | Lair:5   | 13645 ||| Stepping ~*~*~tactically~*~*~ (retreating).
 13646 | Lair:5   | 13646 ||| Stepping ~*~*~tactically~*~*~ (retreating).
 13647 | Lair:5   | 13647 ||| Stepping ~*~*~tactically~*~*~ (retreating).
 13648 | Lair:5   | 13648 ||| Stepping ~*~*~tactically~*~*~ (retreating).
 13649 | Lair:5   | 13649 ||| Stepping ~*~*~tactically~*~*~ (retreating).
 13657 | Lair:5   | 13657 ||| Stepping ~*~*~tactically~*~*~ (retreating).
 13716 | Lair:5   | Reached skill level 6 in Armour
 13791 | Lair:5   | 13791 ||| RETREATING.
 13794 | Lair:5   | 13794 ||| INVOKING Heroism.
 13795 | Lair:5   | 13795 ||| INVOKING Finesse.
 13880 | Lair:5   | 13880 ||| DRINKING 2 purple potions.
 13910 | Lair:5   | Identified the +0 scale mail of Recklessness {Harm rC- SInv
                  | Stlth+}
 14064 | Lair:5   | 14064 ||| RETREATING.
 14070 | Lair:5   | 14070 ||| Stepping ~*~*~tactically~*~*~ (retreating).
 14071 | Lair:5   | 14071 ||| Stepping ~*~*~tactically~*~*~ (retreating).
 14072 | Lair:5   | 14072 ||| Stepping ~*~*~tactically~*~*~ (retreating).
 14073 | Lair:5   | 14073 ||| Stepping ~*~*~tactically~*~*~ (retreating).
 14074 | Lair:5   | 14074 ||| Stepping ~*~*~tactically~*~*~ (retreating).
 14075 | Lair:5   | 14075 ||| Stepping ~*~*~tactically~*~*~ (retreating).
 14076 | Lair:5   | 14076 ||| Stepping ~*~*~tactically~*~*~ (retreating).
 14077 | Lair:5   | 14077 ||| Stepping ~*~*~tactically~*~*~ (retreating).
 14078 | Lair:5   | 14078 ||| Stepping ~*~*~tactically~*~*~ (retreating).
 14079 | Lair:5   | 14079 ||| Stepping ~*~*~tactically~*~*~ (retreating).
 14080 | Lair:5   | 14080 ||| Stepping ~*~*~tactically~*~*~ (retreating).
 14237 | Lair:5   | 14237 ||| RETREATING.
 14249 | Lair:5   | Received a gift from Okawaru
 14250 | Lair:5   | 14250 ||| Stepping ~*~*~tactically~*~*~ (retreating).
 14253 | Lair:5   | 14253 ||| Stepping ~*~*~tactically~*~*~ (retreating).
 14254 | Lair:5   | 14254 ||| RETREATING.
 14262 | Lair:5   | 14262 ||| Stepping ~*~*~tactically~*~*~ (retreating).
 14275 | Lair:5   | 14275 ||| SWAPPING to +3 longbow of draining.
 14279 | Lair:5   | 14279 ||| DROPPING +0 arbalest.
 14350 | Lair:5   | 14350 ||| Stepping ~*~*~tactically~*~*~ (retreating).
 14351 | Lair:5   | 14351 ||| Stepping ~*~*~tactically~*~*~ (retreating).
 14352 | Lair:5   | 14352 ||| Stepping ~*~*~tactically~*~*~ (retreating).
 14353 | Lair:5   | 14353 ||| Stepping ~*~*~tactically~*~*~ (retreating).
 14356 | Lair:5   | 14356 ||| RETREATING.
 14598 | Lair:5   | 14598 ||| PLANNING D
 14598 | Lair:5   | 14598 ||| DROPPING amulet of the acrobat.
 14599 | Lair:5   | 14599 ||| DRINKING 4 smoky blue potions.
 14600 | Lair:5   | 14600 ||| READING 2 scrolls of identify.
 14600 | Lair:5   | 14600 ||| IDENTIFYING smoky black potion
 14601 | Lair:5   | 14601 ||| DROPPING potion of degeneration.
 15051 | D:12     | 15051 ||| UPGRADING to ring of positive energy.
 15772 | D:13     | Found a portal to a secret trove of treasure.
 15832 | D:13     | 15832 ||| READING scroll labelled JIOMOFU NAYMU.
 15833 | D:13     | 15833 ||| READING 3 scrolls of identify.
 15833 | D:13     | 15833 ||| IDENTIFYING coppery potion
 15834 | D:13     | 15834 ||| DROPPING potion of lignification.
 15857 | D:14     | 15857 ||| INVOKING Heroism.
 15912 | D:14     | Reached skill level 19 in Ranged Weapons
 15917 | D:14     | 15917 ||| Stepping ~*~*~tactically~*~*~ (outnumbered).
 15967 | D:14     | 15967 ||| INVOKING Heroism.
 15973 | D:14     | 15973 ||| Stepping ~*~*~tactically~*~*~ (retreating).
 15981 | D:14     | 15981 ||| Stepping ~*~*~tactically~*~*~ (retreating).
 15982 | D:14     | 15982 ||| Stepping ~*~*~tactically~*~*~ (retreating).
 15983 | D:14     | 15983 ||| Stepping ~*~*~tactically~*~*~ (retreating).
 15986 | D:14     | 15986 ||| Stepping ~*~*~tactically~*~*~ (retreating).
 15987 | D:14     | 15987 ||| Stepping ~*~*~tactically~*~*~ (retreating).
 15988 | D:14     | 15988 ||| Stepping ~*~*~tactically~*~*~ (retreating).
 16003 | D:14     | Identified the +1 plate armour "Wungom" {+Inv} (Okawaru
                  | gifted it to you on level 14 of the Dungeon)
 16003 | D:14     | Received a gift from Okawaru
 16005 | D:14     | 16005 ||| INVOKING Heroism.
 16012 | D:14     | Reached XP level 15. HP: 47/98 MP: 20/22
 16198 | D:14     | 16198 ||| RETREATING.
 16202 | D:14     | 16202 ||| Stepping ~*~*~tactically~*~*~ (retreating).
 16205 | D:14     | 16205 ||| Stepping ~*~*~tactically~*~*~ (retreating).
 16206 | D:14     | 16206 ||| Stepping ~*~*~tactically~*~*~ (retreating).
 16207 | D:14     | 16207 ||| Stepping ~*~*~tactically~*~*~ (retreating).
 16262 | D:14     | 16262 ||| Stepping ~*~*~tactically~*~*~ (outnumbered).
 16324 | D:14     | 16324 ||| INVOKING Heroism.
 16401 | D:14     | Found a frozen archway.
 16405 | D:14     | 16405 ||| Stepping ~*~*~tactically~*~*~ (retreating).
 16410 | D:14     | 16410 ||| INVOKING Heroism.
 16512 | D:14     | 16512 ||| INVOKING Heroism.
 16513 | D:14     | 16513 ||| Stepping ~*~*~tactically~*~*~ (retreating).
 16514 | D:14     | 16514 ||| Stepping ~*~*~tactically~*~*~ (retreating).
 16515 | D:14     | 16515 ||| Stepping ~*~*~tactically~*~*~ (retreating).
 16531 | D:14     | Reached skill level 20 in Ranged Weapons
 16540 | D:14     | 16540 ||| INVOKING Heroism.
 16863 | D:14     | 16863 ||| Stepping ~*~*~tactically~*~*~ (outnumbered).
 16864 | D:14     | 16864 ||| Stepping ~*~*~tactically~*~*~ (outnumbered).
 16881 | D:14     | 16881 ||| INVOKING Heroism.
 16882 | D:14     | 16882 ||| Stepping ~*~*~tactically~*~*~ (retreating).
 16883 | D:14     | 16883 ||| Stepping ~*~*~tactically~*~*~ (retreating).
 16884 | D:14     | 16884 ||| Stepping ~*~*~tactically~*~*~ (retreating).
 16885 | D:14     | 16885 ||| INVOKING Finesse.
 16895 | D:14     | 16895 ||| Stepping ~*~*~tactically~*~*~ (outnumbered).
 16896 | D:14     | 16896 ||| Stepping ~*~*~tactically~*~*~ (outnumbered).
 17040 | D:14     | Found a gate to the Vaults.
 17063 | D:14     | 17063 ||| Stepping ~*~*~tactically~*~*~ (outnumbered).
 17064 | D:14     | 17064 ||| RETREATING.
 17065 | D:14     | 17065 ||| INVOKING Heroism.
 17067 | D:14     | HP: 22/98 [meliai/+0 hand axe (7)]
 17068 | D:14     | 17068 ||| READING 4 scrolls of teleportation.
 17069 | D:14     | 17069 ||| DRINKING 3 potions of heal wounds.
 17164 | D:14     | 17164 ||| FLEEEEING.
 17188 | D:14     | Received a gift from Okawaru
 17288 | D:14     | 17288 ||| UPGRADING to +2 ring mail of cold resistance.
 17298 | D:14     | 17298 ||| UPGRADING to +5 ring of evasion.
 17300 | D:14     | 17300 ||| UPGRADING to ring of resist corrosion.
 17329 | D:15     | Entered Level 15 of the Dungeon
 17338 | D:15     | 17338 ||| Stepping ~*~*~tactically~*~*~ (outnumbered).
 17341 | D:15     | 17341 ||| Stepping ~*~*~tactically~*~*~ (outnumbered).
 17347 | D:15     | 17347 ||| FLEEEEING.
 17351 | D:15     | 17351 ||| FLEEEEING.
 17352 | D:15     | 17352 ||| STAIRDANCE
 17487 | D:15     | 17487 ||| INVOKING Heroism.
 17773 | D:15     | 17773 ||| Stepping ~*~*~tactically~*~*~ (outnumbered).
 17776 | D:15     | 17776 ||| DRINKING 11 potions of curing.
 17776 | D:15     | 17776 ||| (to cure confusion)
 17777 | D:15     | 17777 ||| RETREATING.
 17811 | D:15     | 17811 ||| RETREATING.
 17824 | D:15     | 17824 ||| Stepping ~*~*~tactically~*~*~ (retreating).
 17825 | D:15     | 17825 ||| Stepping ~*~*~tactically~*~*~ (retreating).
 17826 | D:15     | 17826 ||| Stepping ~*~*~tactically~*~*~ (retreating).
 17827 | D:15     | 17827 ||| Stepping ~*~*~tactically~*~*~ (retreating).
 17831 | D:15     | Reached skill level 9 in Armour
 17840 | D:15     | 17840 ||| Stepping randomly (disturbance).
 17985 | D:15     | 17985 ||| RETREATING.
 18033 | D:15     | Received a gift from Okawaru
 18035 | D:15     | 18035 ||| SWAPPING to +0 hand cannon of flaming.
 18036 | D:15     | 18036 ||| DROPPING +3 longbow of draining.
 18162 | D:15     | Found a staircase to the Depths.
 18229 | D:15     | 18229 ||| PLANNING ORC
 18348 | Orc:1    | Entered Level 1 of the Orcish Mines
 18408 | Orc:2    | Entered Level 2 of the Orcish Mines
 18511 | Orc:2    | 18511 ||| INVOKING Heroism.
 18527 | Orc:2    | 18527 ||| INVOKING Heroism.
 18625 | Orc:2    | Found Sastafon's General Store.
 18628 | Orc:2    | Found Zaleorpha's Distillery.
 18636 | Orc:2    | 18636 ||| BUYING scroll of identify (30 gold).
 18636 | Orc:2    | Bought a scroll of identify for 30 gold pieces
 18638 | Orc:2    | 18638 ||| BUYING potion of curing (36 gold).
 18638 | Orc:2    | Bought a potion of curing for 36 gold pieces
 18638 | Orc:2    | 18638 ||| BUYING potion of enlightenment (60 gold).
 18638 | Orc:2    | Bought a potion of enlightenment for 60 gold pieces
 18638 | Orc:2    | 18638 ||| BUYING potion of enlightenment (60 gold).
 18638 | Orc:2    | Bought a potion of enlightenment for 60 gold pieces
 18638 | Orc:2    | 18638 ||| BUYING potion of haste (120 gold).
 18638 | Orc:2    | Bought a potion of haste for 120 gold pieces
 18638 | Orc:2    | 18638 ||| BUYING potion of heal wounds (60 gold).
 18638 | Orc:2    | Bought a potion of heal wounds for 60 gold pieces
 18638 | Orc:2    | 18638 ||| BUYING potion of might (48 gold).
 18638 | Orc:2    | Bought a potion of might for 48 gold pieces
 18675 | Orc:2    | 18675 ||| DRINKING 11 potions of curing.
 18675 | Orc:2    | 18675 ||| (to cure confusion)
 18703 | Orc:2    | 18703 ||| Stepping ~*~*~tactically~*~*~ (retreating).
 18708 | Orc:2    | 18708 ||| INVOKING Heroism.
 18713 | Orc:2    | 18713 ||| INVOKING Finesse.
 18722 | Orc:2    | 18722 ||| Stepping ~*~*~tactically~*~*~ (retreating).
 18734 | Orc:2    | Reached XP level 16. HP: 84/106 MP: 18/23
 18738 | Orc:2    | 18738 ||| Stepping ~*~*~tactically~*~*~ (retreating).
 18779 | Orc:2    | 18779 ||| INVOKING Heroism.
 18807 | Orc:2    | 18807 ||| Stepping ~*~*~tactically~*~*~ (outnumbered).
 18809 | Orc:2    | 18809 ||| Stepping ~*~*~tactically~*~*~ (outnumbered).
 18811 | Orc:2    | 18811 ||| INVOKING Heroism.
 18836 | Orc:2    | 18836 ||| RETREATING.
 18842 | Orc:2    | 18842 ||| Stepping ~*~*~tactically~*~*~ (retreating).
 18843 | Orc:2    | 18843 ||| Stepping ~*~*~tactically~*~*~ (retreating).
 18844 | Orc:2    | 18844 ||| Stepping ~*~*~tactically~*~*~ (retreating).
 18845 | Orc:2    | 18845 ||| Stepping ~*~*~tactically~*~*~ (retreating).
 18849 | Orc:2    | 18849 ||| INVOKING Heroism.
 18920 | Orc:2    | 18920 ||| INVOKING Heroism.
 18926 | Orc:2    | 18926 ||| Stepping ~*~*~tactically~*~*~ (outnumbered).
 18931 | Orc:2    | 18931 ||| Stepping ~*~*~tactically~*~*~ (retreating).
 18932 | Orc:2    | 18932 ||| INVOKING Finesse.
 18933 | Orc:2    | 18933 ||| Stepping ~*~*~tactically~*~*~ (retreating).
 18968 | Orc:2    | 18968 ||| INVOKING Heroism.
 19027 | Orc:2    | 19027 ||| Stepping ~*~*~tactically~*~*~ (retreating).
 19034 | Orc:2    | 19034 ||| INVOKING Heroism.
 19047 | Orc:2    | Found Amanit's Jewellery Shoppe.
 19047 | Orc:2    | Found Vefujaps's Antique Armour Emporium.
 19048 | Orc:2    | Found a one-way gate leading to the halls of Pandemonium.
 19050 | Orc:2    | 19050 ||| BUYING +4 ring of protection (432 gold).
 19050 | Orc:2    | Bought a +4 ring of protection for 432 gold pieces
 19050 | Orc:2    | 19050 ||| BUYING +6 ring of dexterity (432 gold).
 19050 | Orc:2    | Bought a +6 ring of dexterity for 432 gold pieces
 19052 | Orc:2    | 19052 ||| SHOPLISTING faintly humming leather armour (140
                  | gold, have 37).
 19084 | Orc:2    | 19084 ||| Stepping ~*~*~tactically~*~*~ (outnumbered).
 19160 | Orc:2    | 19160 ||| Stepping ~*~*~tactically~*~*~ (outnumbered).
 19161 | Orc:2    | 19161 ||| Stepping ~*~*~tactically~*~*~ (outnumbered).
 19162 | Orc:2    | 19162 ||| Stepping ~*~*~tactically~*~*~ (outnumbered).
 19163 | Orc:2    | 19163 ||| Stepping ~*~*~tactically~*~*~ (outnumbered).
 19164 | Orc:2    | 19164 ||| Stepping ~*~*~tactically~*~*~ (outnumbered).
 19165 | Orc:2    | 19165 ||| Stepping ~*~*~tactically~*~*~ (outnumbered).
 19166 | Orc:2    | 19166 ||| Stepping ~*~*~tactically~*~*~ (outnumbered).
 19167 | Orc:2    | 19167 ||| Stepping ~*~*~tactically~*~*~ (outnumbered).
 19168 | Orc:2    | 19168 ||| Stepping ~*~*~tactically~*~*~ (outnumbered).
 19169 | Orc:2    | 19169 ||| Stepping ~*~*~tactically~*~*~ (outnumbered).
 19170 | Orc:2    | 19170 ||| Stepping ~*~*~tactically~*~*~ (outnumbered).
 19171 | Orc:2    | 19171 ||| Stepping ~*~*~tactically~*~*~ (outnumbered).
 19172 | Orc:2    | 19172 ||| Stepping ~*~*~tactically~*~*~ (outnumbered).
 19195 | Orc:2    | Found a staircase to the Elven Halls.
 19270 | Orc:2    | 19270 ||| UPGRADING to +4 ring of protection.
 19272 | Orc:2    | 19272 ||| DROPPING ring of positive energy.
 19273 | Orc:2    | 19273 ||| DROPPING ring of fire.
 19274 | Orc:2    | 19274 ||| DROPPING ring of ice.
 19275 | Orc:2    | 19275 ||| UPGRADING to +6 ring of dexterity.
 19277 | Orc:2    | 19277 ||| DROPPING ring of resist corrosion.
 19278 | Orc:2    | 19278 ||| UPGRADING to +5 ring of evasion.
 19280 | Orc:2    | 19280 ||| DROPPING +4 ring of protection.
 19290 | Orc:1    | 19290 ||| INVOKING Heroism.
 19478 | Orc:1    | Found a runed translucent gate.
 19482 | Orc:1    | Found a runed translucent gate.
 19483 | Orc:1    | Found a runed translucent gate.
 19572 | Orc:1    | Noticed qw's ghost (journeyman MiHs)
 19572 | Orc:1    | Noticed qw's ghost (adept MiHs)
 19727 | Orc:1    | 19727 ||| Stepping ~*~*~tactically~*~*~ (outnumbered).
 19728 | Orc:1    | 19728 ||| Stepping ~*~*~tactically~*~*~ (outnumbered).
 19729 | Orc:1    | 19729 ||| Stepping ~*~*~tactically~*~*~ (outnumbered).
 19730 | Orc:1    | 19730 ||| Stepping ~*~*~tactically~*~*~ (outnumbered).
 19731 | Orc:1    | 19731 ||| Stepping ~*~*~tactically~*~*~ (outnumbered).
 19732 | Orc:1    | 19732 ||| Stepping ~*~*~tactically~*~*~ (outnumbered).
 19734 | Orc:1    | 19734 ||| Stepping ~*~*~tactically~*~*~ (outnumbered).
 19735 | Orc:1    | 19735 ||| Stepping ~*~*~tactically~*~*~ (outnumbered).
 19743 | Orc:1    | 19743 ||| INVOKING Heroism.
 19751 | Orc:1    | HP: 21/106 [orc priest/divine providence (10)]
 19752 | Orc:1    | 19752 ||| READING 3 scrolls of teleportation.
 19753 | Orc:1    | 19753 ||| DRINKING 3 potions of heal wounds.
 19782 | Orc:1    | 19782 ||| INVOKING Heroism.
 20305 | Orc:2    | 20305 ||| PLANNING SNAKE:1-3
 20433 | Snake:1  | Entered Level 1 of the Snake Pit
 20440 | Snake:1  | 20440 ||| Stepping ~*~*~tactically~*~*~ (outnumbered).
 20442 | Snake:1  | 20442 ||| Stepping ~*~*~tactically~*~*~ (outnumbered).
 20444 | Snake:1  | 20444 ||| Stepping ~*~*~tactically~*~*~ (outnumbered).
 20446 | Snake:1  | 20446 ||| Stepping ~*~*~tactically~*~*~ (outnumbered).
 20449 | Snake:1  | 20449 ||| Stepping ~*~*~tactically~*~*~ (outnumbered).
 20510 | Snake:1  | 20510 ||| RETREATING.
 20851 | Snake:1  | 20851 ||| INVOKING Heroism.
 20853 | Snake:1  | 20853 ||| Stepping ~*~*~tactically~*~*~ (outnumbered).
 20854 | Snake:1  | 20854 ||| RETREATING.
 20859 | Snake:1  | 20859 ||| Stepping ~*~*~tactically~*~*~ (outnumbered).
 20872 | Snake:1  | 20872 ||| Stepping ~*~*~tactically~*~*~ (retreating).
 20873 | Snake:1  | 20873 ||| Stepping ~*~*~tactically~*~*~ (retreating).
 20874 | Snake:1  | 20874 ||| Stepping ~*~*~tactically~*~*~ (retreating).
 20877 | Snake:1  | 20877 ||| Stepping ~*~*~tactically~*~*~ (outnumbered).
 20879 | Snake:1  | HP: 26/106 [salamander tyrant/flame surge (16)]
 20880 | Snake:1  | 20880 ||| READING 2 scrolls of teleportation.
 20881 | Snake:1  | 20881 ||| DRINKING 2 potions of heal wounds.
 20909 | Snake:1  | 20909 ||| INVOKING Heroism.
 20913 | Snake:1  | Reached skill level 9 in Dodging
 21166 | Snake:1  | Found Kalab's Jewellery Shoppe.
 21173 | Snake:1  | Reached skill level 21 in Ranged Weapons
 21174 | Snake:1  | 21174 ||| SHOPLISTING +6 ring of dexterity (504 gold, have
                  | 414).
 21174 | Snake:1  | 21174 ||| BUYING ring of protection from fire (350 gold).
 21174 | Snake:1  | Bought a ring of protection from fire for 350 gold pieces
 21321 | Snake:1  | 21321 ||| DROPPING ring of fire.
 21322 | Snake:1  | 21322 ||| READING scroll labelled NIHUGU FONO.
 21381 | Snake:2  | 21381 ||| INVOKING Heroism.
 21552 | Snake:2  | Found Viteabla's Vocational Training.
 21585 | Snake:2  | 21585 ||| INVOKING Heroism.
 21586 | Snake:2  | 21586 ||| Stepping ~*~*~tactically~*~*~ (outnumbered).
 21588 | Snake:2  | 21588 ||| Stepping ~*~*~tactically~*~*~ (outnumbered).
 21597 | Snake:2  | Received a gift from Okawaru
 22136 | Snake:2  | 22136 ||| Stepping ~*~*~tactically~*~*~ (retreating).
 22137 | Snake:2  | 22137 ||| Stepping ~*~*~tactically~*~*~ (retreating).
 22138 | Snake:2  | 22138 ||| Stepping ~*~*~tactically~*~*~ (retreating).
 22139 | Snake:2  | 22139 ||| RETREATING.
 22141 | Snake:2  | 22141 ||| Stepping ~*~*~tactically~*~*~ (retreating).
 22142 | Snake:2  | 22142 ||| Stepping ~*~*~tactically~*~*~ (retreating).
 22153 | Snake:2  | 22153 ||| INVOKING Heroism.
 22156 | Snake:2  | Reached skill level 15 in Fighting
 22371 | Snake:2  | 22371 ||| READING scroll of enchant armour.
 22371 | Snake:2  | 22371 ||| ENCHANTING +1 helmet.
 22817 | Snake:2  | 22817 ||| READING scroll labelled MUPIYHUNIGO.
 22857 | Snake:3  | 22857 ||| STAIRDANCE
 22862 | Snake:3  | 22862 ||| STAIRDANCE
 22868 | Snake:3  | 22868 ||| INVOKING Heroism.
 22870 | Snake:3  | 22870 ||| STAIRDANCE
 22887 | Snake:3  | 22887 ||| STAIRDANCE
 22890 | Snake:3  | 22890 ||| STAIRDANCE
 22898 | Snake:3  | 22898 ||| Stepping ~*~*~tactically~*~*~ (retreating).
 22899 | Snake:3  | 22899 ||| Stepping ~*~*~tactically~*~*~ (retreating).
 22900 | Snake:3  | 22900 ||| Stepping ~*~*~tactically~*~*~ (retreating).
 22901 | Snake:3  | 22901 ||| Stepping ~*~*~tactically~*~*~ (retreating).
 22902 | Snake:3  | 22902 ||| Stepping ~*~*~tactically~*~*~ (retreating).
 22909 | Snake:3  | 22909 ||| Stepping ~*~*~tactically~*~*~ (retreating).
 22910 | Snake:3  | 22910 ||| Stepping ~*~*~tactically~*~*~ (retreating).
 22911 | Snake:3  | 22911 ||| RETREATING.
 22912 | Snake:3  | 22912 ||| Stepping ~*~*~tactically~*~*~ (retreating).
 22914 | Snake:3  | 22914 ||| Stepping ~*~*~tactically~*~*~ (retreating).
 22916 | Snake:3  | 22916 ||| Stepping ~*~*~tactically~*~*~ (retreating).
 22919 | Snake:3  | 22919 ||| INVOKING Heroism.
 22923 | Snake:3  | 22923 ||| Stepping ~*~*~tactically~*~*~ (retreating).
 23069 | Snake:3  | 23069 ||| INVOKING Heroism.
 23565 | Snake:3  | 23565 ||| Stepping ~*~*~tactically~*~*~ (retreating).
 23568 | Snake:3  | 23568 ||| Stepping ~*~*~tactically~*~*~ (retreating).
 23624 | Snake:3  | 23624 ||| PLANNING SHOALS:1-3
 23736 | Shoals:1 | Entered Level 1 of the Shoals
 23791 | Shoals:1 | Reached XP level 17. HP: 107/113 MP: 24/24
 23798 | Shoals:1 | 23798 ||| RETREATING.
 23801 | Shoals:1 | 23801 ||| Stepping ~*~*~tactically~*~*~ (outnumbered).
 23803 | Shoals:1 | 23803 ||| Stepping ~*~*~tactically~*~*~ (outnumbered).
 23821 | Shoals:1 | 23821 ||| Stepping ~*~*~tactically~*~*~ (outnumbered).
 23823 | Shoals:1 | 23823 ||| Stepping ~*~*~tactically~*~*~ (outnumbered).
 23868 | Shoals:1 | Found Yfarergh's Distillery.
 23884 | Shoals:1 | 23884 ||| BUYING 2 potions of might (96 gold).
 23884 | Shoals:1 | Bought 2 potions of might for 96 gold pieces
 23884 | Shoals:1 | 23884 ||| BUYING potion of curing (36 gold).
 23884 | Shoals:1 | Bought a potion of curing for 36 gold pieces
 23884 | Shoals:1 | 23884 ||| BUYING potion of curing (36 gold).
 23884 | Shoals:1 | Bought a potion of curing for 36 gold pieces
 23884 | Shoals:1 | 23884 ||| SHOPLISTING potion of mutation (96 gold, have
                  | 71).
 23885 | Shoals:1 | 23885 ||| INVOKING Heroism.
 24212 | Shoals:1 | Noticed a kraken
 24228 | Shoals:1 | 24228 ||| INVOKING Heroism.
 24230 | Shoals:1 | Killed a kraken
 24448 | Shoals:1 | 24448 ||| INVOKING Heroism.
 24507 | Shoals:1 | Noticed a kraken
 24524 | Shoals:1 | Killed a kraken
 24525 | Shoals:1 | Reached skill level 22 in Ranged Weapons
 24846 | Shoals:1 | 24846 ||| DROPPING ring of willpower.
 24894 | Shoals:2 | 24894 ||| RETREATING.
 24895 | Shoals:2 | 24895 ||| INVOKING Heroism.
 24900 | Shoals:2 | 24900 ||| Stepping ~*~*~tactically~*~*~ (outnumbered).
 25194 | Shoals:2 | 25194 ||| INVOKING Heroism.
 25432 | Shoals:2 | Received a gift from Okawaru
 25527 | Shoals:2 | 25527 ||| Stepping ~*~*~tactically~*~*~ (outnumbered).
 25528 | Shoals:2 | 25528 ||| Stepping ~*~*~tactically~*~*~ (outnumbered).
 25641 | Shoals:2 | 25641 ||| INVOKING Heroism.
 25654 | Shoals:2 | Found a runed translucent gate.
 25678 | Shoals:2 | Found a runed translucent gate.
 25678 | Shoals:2 | Found an opulent altar of Gozag.
 25679 | Shoals:2 | Found a runed translucent gate.
 25680 | Shoals:2 | Noticed qw's ghost (adept GrHs)
 25681 | Shoals:2 | Found Fenutont's Assorted Antiques.
 25689 | Shoals:2 | Found Gylaa's Weapon Shoppe.
 25691 | Shoals:2 | 25691 ||| INVOKING Heroism.
 25703 | Shoals:2 | 25703 ||| RETREATING.
 25727 | Shoals:2 | 25727 ||| INVOKING Heroism.
 25728 | Shoals:2 | 25728 ||| INVOKING Finesse.
 26027 | Shoals:2 | Noticed a kraken
 26037 | Shoals:2 | 26037 ||| INVOKING Heroism.
 26044 | Shoals:2 | Killed a kraken
 26320 | Shoals:3 | 26320 ||| Stepping ~*~*~tactically~*~*~ (outnumbered).
 26321 | Shoals:3 | 26321 ||| Stepping ~*~*~tactically~*~*~ (outnumbered).
 26322 | Shoals:3 | 26322 ||| Stepping ~*~*~tactically~*~*~ (outnumbered).
 26324 | Shoals:3 | Noticed a kraken
 26331 | Shoals:3 | 26331 ||| INVOKING Heroism.
 26344 | Shoals:3 | Killed a kraken
 26345 | Shoals:3 | HP: 28/115 [snapping turtle (15)]
 26346 | Shoals:3 | 26346 ||| READING 2 scrolls of teleportation.
 26347 | Shoals:3 | 26347 ||| DRINKING potion of heal wounds.
 26543 | Shoals:3 | 26543 ||| INVOKING Heroism.
 26544 | Shoals:3 | 26544 ||| INVOKING Finesse.
 26662 | Shoals:3 | 26662 ||| INVOKING Heroism.
 26665 | Shoals:3 | Noticed Mara
 26665 | Shoals:3 | 26665 ||| RETREATING.
 26669 | Shoals:3 | Received a gift from Okawaru
 26671 | Shoals:3 | Noticed Polyphemus
 26680 | Shoals:3 | 26680 ||| Stepping ~*~*~tactically~*~*~ (retreating).
 26681 | Shoals:3 | 26681 ||| Stepping ~*~*~tactically~*~*~ (retreating).
 26682 | Shoals:3 | HP: 27/115 [Polyphemus (10)]
 26683 | Shoals:3 | 26683 ||| READING scroll of teleportation.
 26686 | Shoals:3 | 26686 ||| Stepping ~*~*~tactically~*~*~ (outnumbered).
 26691 | Shoals:3 | HP: 17/115 [wind drake/the air (7)]
 26706 | Shoals:3 | 26706 ||| INVOKING Heroism.
 26733 | Shoals:3 | 26733 ||| INVOKING Heroism.
 26769 | Shoals:3 | Noticed Donald
 26772 | Shoals:3 | 26772 ||| INVOKING Heroism.
 26780 | Shoals:3 | HP: 21/115 [Donald/+1 heavy broad axe (21)]
 26781 | Shoals:3 | HP: 10/115 [Donald/+1 heavy broad axe (11)]
 26784 | Shoals:3 | Mangled by Donald

Levels and vault maps discovered:
D:1:      saegor_arrival_simple_c, layout_basic
D:2:      layout_loops_ring, basic_altar, serial_shops,
          nicolae_shop_gibbet_a_chance, shop, nicolae_shop_window_shopping,
          minmay_cut_off, uniq_jessica
D:3:      layout_loops_ring, bloody_makhleb, nicolae_uskayaw_suspiria,
          hellmonk_ecumenical_altar_crossroads
D:4:      layout_loops_ring, mainiacjoe_overflow_catwalk, lemuel_round_altar,
          mainiacjoe_overflow_brackets, uniq_grinder
D:5:      layout_loops_ring, grunt_dithmenos_smoke_and_mirrors, zin_treasury,
          mainiacjoe_overflow_chevrons, minmay_temple_entry_slanted,
          uniq_menkaure, uniq_pikel
D:6:      layout_loops_ring, lemuel_doored_altar, amcnicky_altar_gilded,
          serial_shops, shop
D:7:      layout_basic, kiku_gazebo_pond_becter, st_stairs_11,
          nicolae_shop_clearance
D:8:      layout_rooms, serial_shops, shop, kennysheep_mini_moat, shop, shop,
          nicolae_shop_peninsula, special_room [special_room_orc],
          serial_curves, eino_curves_03, eino_curves_04, minmay_ruined_shrine,
          uniq_maggie
D:9:      layout_loops_ring, corexii_corridor_pit, kennysheep_generic_room_5,
          uniq_harold
D:10:     layout_cave_pools, mainiacjoe_overflow_six_doors_small, erik_orc_2,
          uniq_erica
D:11:     layout_cave_pools, david_lair_generic, grunt_qazlal_clouds
D:12:     layout_small_grid, nicolae_straight_to_the_point
D:13:     layout_roguey, nicolae_trove_entry_diagonal
D:14:     layout_loops_ring, hangedman_vaults_entry_quadrant_bands, serial_ice,
          serial_ice_m, serial_ice_g, serial_ice_n, serial_ice_e, serial_ice_k,
          serial_ice_a, serial_ice_c, serial_ice_h,
          portal_ice_cave_entry_frozen_things, moated_statue,
          kennysheep_generic_room_16
D:15:     gammafunk_enter_depths_forms, layout_loops_cross
Temple:   nicolae_temple_two_arcs
Lair:1:   layout_roguey, gammafunk_lair_bear_cave
Lair:2:   layout_cave_pods, guppyfry_snake_entry_garden, basic_altar,
          infiniplex_staircase_pool_2
Lair:3:   layout_concentric_octagons, minmay_shoals_entry_beasts,
          gammafunk_ghost_berserking_beasts, worms_lemuel, serial_bayou_shore_a,
          uniq_josephine
Lair:4:   layout_hall_layers, dpeg_slime_entry_enclosed, grunt_megastairs_3
Lair:5:   minmay_lair_end_frog_pond, layout_hall_layers
Shoals:1: layout_shoals, serial_shops, shop_statue
Shoals:2: layout_shoals, ebering_ghost_gozag, serial_shops, shop,
          nicolae_shoals_isolated_beach
Shoals:3: layout_shoals, ebering_ghost_inner_flame,
          nicolae_shoals_aquamancer_cove, uniq_polyphemus, uniq_mara,
          uniq_donald
Snake:1:  layout_grid_maze, serial_shops, nicolae_shop_hallway_stairs
Snake:2:  layout_chambers, nicolae_shop_vocational
Snake:3:  layout_rooms
Orc:1:    layout_caves, basic_altar, gammafunk_ghost_cemetery
Orc:2:    pf_orc_diabolical, layout_diamond_mine

Skill      XL: |  1  2  3  4  5  6  7  8  9 10 11 12 13 14 15 16 17 |
---------------+----------------------------------------------------+-----
Ranged Weapons | 5 6 7 8 9 11 13 14 15 17 19 20 21 22 | 22.0
Fighting       | 3 4 5 6 8 9 10 11 13 14 15 16 | 16.0
Armour         | 1 3 4 5 6 9 10 11 | 11.0
Dodging        | 2 3 4 5 6 7 8 9 10 | 10.0
Invocations    | 3 4 6 10 | 10.1
Stealth        | |  1.1

Action                     |  1- 3 |  4- 6 |  7- 9 | 10-12 | 13-15 | 16-18 || total
---------------------------+-------+-------+-------+-------+-------+-------++-------
   Fire: Shortbow          |    68 |   252 |   479 |    10 |       |       ||   809
         Orcbow            |       |       |       |   471 |       |       ||   471
         Arbalest          |       |       |       |   320 |   723 |       ||  1043
         Longbow           |       |       |       |       |   648 |       ||   648
         Hand cannon       |       |       |       |       |   149 |  1022 ||  1171
 Invoke: Heroism           |       |       |     4 |    27 |    33 |    32 ||    96
         Finesse           |       |       |       |       |     4 |     3 ||     7
    Use: Scroll            |     3 |    10 |     5 |     6 |     5 |     7 ||    36
         Potion            |       |     1 |       |     6 |     5 |     3 ||    15
 Armour: Leather armour    |    10 |    17 |    31 |   117 |       |       ||   175
         Ring mail         |       |    38 |    45 |       |    60 |   364 ||   507
         Robe              |       |       |    72 |    21 |       |       ||    93
         Troll leather arm |       |       |       |   123 |   400 |       ||   523
  Dodge: Dodged            |    19 |   109 |   214 |   536 |   883 |   965 ||  2726
  Block: Other             |       |       |    65 |   127 |   218 |   179 ||   589
         Reflection        |       |       |     1 |     4 |    10 |    22 ||    37

Table legend:
 A = Non-vault XP
 B = Vault XP
 C = Vault XP percentage of total XP
 D = Non-vault monster count
 E = Vault monster count
 F = Vault count percentage of total count
                 A         B        C        D         E       F
            +---------+---------+-------+---------+---------+-------
      Total |  167177 |   58421 |  25.9 |     661 |     236 |  26.3
            +---------+---------+-------+---------+---------+-------
        D:1 |      39 |       0 |   0.0 |      23 |       0 |   0.0
        D:2 |      38 |      43 |  53.1 |      17 |       5 |  22.7
        D:3 |      85 |       0 |   0.0 |      19 |       0 |   0.0
        D:4 |     437 |     277 |  38.8 |      25 |       1 |   3.8
        D:5 |     967 |     786 |  44.8 |      29 |       2 |   6.5
        D:6 |    1040 |       0 |   0.0 |      17 |       0 |   0.0
        D:7 |    1729 |     317 |  15.5 |      15 |       3 |  16.7
        D:8 |    1010 |    1957 |  66.0 |      19 |      35 |  64.8
        D:9 |    1192 |    1134 |  48.8 |      10 |       3 |  23.1
       D:10 |    5746 |    2074 |  26.5 |      25 |      21 |  45.7
       D:11 |    2744 |    1065 |  28.0 |       9 |       4 |  30.8
       D:12 |    2531 |       0 |   0.0 |       9 |       0 |   0.0
       D:13 |    3709 |       0 |   0.0 |      12 |       0 |   0.0
       D:14 |   17600 |   10815 |  38.1 |      54 |      41 |  43.2
       D:15 |    8122 |    4712 |  36.7 |      17 |       8 |  32.0
     Lair:1 |    4907 |     621 |  11.2 |      11 |       3 |  21.4
     Lair:2 |    4707 |     474 |   9.1 |      20 |       3 |  13.0
     Lair:3 |    8300 |    2852 |  25.6 |      16 |       9 |  36.0
     Lair:4 |    8250 |     544 |   6.2 |      30 |       2 |   6.2
     Lair:5 |   14240 |    8267 |  36.7 |      42 |      33 |  44.0
   Shoals:1 |   17930 |       0 |   0.0 |      33 |       0 |   0.0
   Shoals:2 |   17295 |    3299 |  16.0 |      36 |       4 |  10.0
   Shoals:3 |    7538 |    2324 |  23.6 |      12 |       3 |  20.0
    Snake:1 |    7850 |       0 |   0.0 |      16 |       0 |   0.0
    Snake:2 |   13979 |       0 |   0.0 |      32 |       0 |   0.0
    Snake:3 |   10444 |       0 |   0.0 |      21 |       0 |   0.0
      Orc:1 |    2257 |       0 |   0.0 |      44 |       0 |   0.0
      Orc:2 |    2491 |   16860 |  87.1 |      48 |      56 |  53.8
            +---------+---------+-------+---------+---------+-------
